 Dungeon Crawl Stone Soup version 0.28.0-47-ge53b351184 (webtiles) character file.

Game seed: 4763581895324297445

60 joe1234567 the Bolt Thrower (level 3, -2/30 HPs)
             Began as a Minotaur Hunter on May 6, 2022.
             Slain by Sigmund
             ... wielding a +0 scythe
              (8 damage)
             ... on level 3 of the Dungeon.
             The game lasted 00:14:10 (2323 turns).

joe1234567 the Bolt Thrower (Minotaur Hunter)       Turns: 2323, Time: 00:14:11

Health: -2/30      AC:  6    Str: 16    XL:     3   Next: 80%
Magic:  2/2        EV:  9    Int: 10    God:
Gold:   72         SH:  0    Dex: 10    Spells: 2/2 levels left

rFire   . . .      SeeInvis .   a - +1 hand crossbow
rCold   . . .      Faith    .   (no shield)
rNeg    . . .      Spirit   .   j - +0 scale mail
rPois   .          Reflect  +   (helmet restricted)
rElec   .          Harm     .   (no cloak)
rCorr   .          Rampage  .   (no gloves)
Will    .....                   (no boots)
Stlth   ..........              n - amulet of reflection
HPRegen 0.10/turn               (no ring)
MPRegen 0.08/turn               (no ring)

@: confused
A: horns 2, retaliatory headbutt
a: no special abilities


You were on level 3 of the Dungeon.
You visited 1 branch of the dungeon, and saw 3 of its levels.

You collected 72 gold pieces.

Inventory:

Hand Weapons
 a - a +1 hand crossbow (weapon)
 b - a +0 short sword
Missiles
 d - 4 bolts (quivered ammo)
 e - 104 arrows
Armour
 c - a +0 leather armour
 f - a +0 leather armour
 j - a +0 scale mail (worn)
Jewellery
 n - an amulet of reflection (around neck)
Scrolls
 g - a scroll of identify {unknown}
 h - a scroll of teleportation {unknown}
 k - a scroll of magic mapping {unknown}
 l - a scroll of brand weapon {unknown}
 m - a scroll of amnesia {unknown}
 p - a scroll of fear {unknown}
Potions
 i - a potion of might {unknown}
 o - a potion of heal wounds {unknown}


   Skills:
 + Level 2.8 Fighting
 + Level 0.4 Short Blades
 + Level 5.6 Crossbows
 + Level 0.7 Armour
 + Level 2.3 Dodging
 + Level 0.8 Stealth
 + Level 0.2 Shields


You had 2 spell levels left.
You didn't know any spells.
Your spell library contained the following spells:

 Spells                   Type           Power      Damage    Failure   Level
 Animate Skeleton         Necr           0%         N/A       82%         1
 Pain                     Necr           0%         1d4       82%         1
 Gell's Gravitas          Tloc           0%         N/A       99%         3
 Lesser Beckoning         Tloc           0%         N/A       99%         3
 Teleport Other           Tloc           0%         N/A       99%         3
 Vampiric Draining        Necr           0%         2d6       99%         3


Dungeon Overview and Level Annotations

Branches:
Dungeon (3/15)

Altars:

Annotations:
D:3 Sigmund


Innate Abilities, Weirdness & Mutations

You have a pair of horns on your head.
You reflexively headbutt those who attack you in melee.


Message History

No target in view!
p - a scroll labelled LYICRAK PEMIYS
d - 11 bolts (gained 1)
Things that are here:
a +0 dagger; a kobold corpse
d - 12 bolts (gained 1)
Found a stone staircase leading down.
Things that are here:
a +0 dagger; a kobold corpse You see here a hobgoblin corpse.
Sigmund the Dreaded comes into view.
He is wielding a +0 scythe.
Sigmund shouts!
Sigmund looks at you with fury.
Found a brass ring and 6 poisoned darts.
Sigmund hits you from afar with a +0 scythe.
Found a leather armour.
Sigmund casts a spell at you. The magic dart hits you.
Sigmund completely misses you.
Found 8 gold pieces.
Sigmund says, "You will soon forget everything."
Sigmund casts a spell at you.
You are confused.
Sigmund gestures wildly while chanting.
Sigmund flickers and vanishes!
Deactivating autopickup; reactivate with Ctrl-A.
You're too confused to move!
You are more confused.
You are more confused.
You shoot a bolt. You shoot a bolt. You shoot a bolt. Something hits you!
You shoot a bolt. Something hits you but does no damage.
You shoot a bolt. Something hits you.
* * * LOW HITPOINT WARNING * * *
You shoot a bolt. Something hits you.
* * * LOW HITPOINT WARNING * * *
You shoot a bolt. You shoot a bolt. Something hits you!
You die...

#.# ########.#
#..[.=...#
#(.......######+##
#.......(.........
#$................
#.................
#.................
#@.{..............
#.................
#.................
...................
##........(######+##
...........#
###....(...#
#..(..(...


There were no monsters in sight!

Vanquished Creatures
  A worm (D:2)
  A dart slug (D:1)
  4 endoplasms
  3 giant cockroaches
  A goblin (D:2)
  5 hobgoblins
  7 jackals (D:1)
  2 quokkas (D:1)
  6 ball pythons
  3 bats
  4 frilled lizards
  7 kobolds
  5 rats
49 creatures vanquished.

Notes
Turn   | Place    | Note
-------+----------+-------------------------------------------
     0 | D:1      | joe1234567 the Minotaur Hunter began the quest for the Orb.
     0 | D:1      | Reached XP level 1. HP: 18/18 MP: 0/0
   110 | D:1      | Reached XP level 2. HP: 25/25 MP: 1/1
   170 | D:1      | Reached skill level 5 in Crossbows
   460 | D:1      | Reached XP level 3. HP: 22/30 MP: 2/2
  2299 | D:3      | Noticed Sigmund
  2323 | D:3      | Slain by Sigmund

Illustrated notes

Levels and vault maps discovered:
D:1:      pf_arrival_petrified_forest, layout_basic
D:2:      layout_basic, minmay_misc_feat_more_columns, minmay_misc_feat_encased,
          roderic_roman_lattice
D:3:      layout_basic, grunt_decor_resistance, uniq_sigmund

Skill      XL: |  1  2 |
---------------+-------+-----
Crossbows      | 5 |  5.6
Fighting       | |  2.8
Short Blades   | |  0.4
Armour         | |  0.7
Dodging        | |  2.3
Stealth        | |  0.8
Shields        | |  0.2

Action                   || total
-------------------------++-------
Melee: Short sword       ||     9
       Headbutt          ||     3
 Fire: Hand crossbow     ||    97
Armor: Leather armour    ||    10
       Scale mail        ||    16
Dodge: Dodged            ||    24
Block: Other             ||     3
